 Dungeon Crawl Stone Soup version 0.28.0-43-g3370ac3207 (webtiles) character file.

Game seed: 7156692735464470371

686 porpoise the Skirmisher (level 7, -3/54 HPs)
             Began as a Djinni Fire Elementalist on Mar 27, 2022.
             Was an Initiate of Ashenzari.
             Slain by Edmund
             ... wielding a +1 flail of protection
              (8 damage)
             ... on level 5 of the Dungeon.
             The game lasted 00:16:06 (4732 turns).

porpoise the Skirmisher (Djinni Fire Elementalist)  Turns: 4732, Time: 00:16:08

Health: -3/54      AC:  3    Str:  7    XL:     7   Next: 94%
Gold:   253        EV: 12    Int: 18    God:    Ashenzari [......] SH:  0 Dex: 14

rFire   + + .      SeeInvis .   b - +0 hunting sling (freeze)
rCold   x . .      Faith    .   (no shield)
rNeg    . . .      Spirit   .   q - +1 robe
rPois   ∞          Reflect  .   (no helmet)
rElec   .          Harm     .   (no cloak)
rCorr   .          Rampage  .   (no gloves)
Will    .....                   (boots unavailable)
Stlth   ++........              (no amulet)
HPRegen 0.18/turn               (no ring)
MPRegen 0.00/turn               (no ring)

@: flying
A: sickness immunity, fire resistance 2, cold vulnerability 1, float, innate
caster, HP casting, extra vitality 1
a: Renounce Religion


You were on level 5 of the Dungeon.
You worshipped Ashenzari.
Ashenzari was noncommittal.
You visited 2 branches of the dungeon, and saw 6 of its levels.

You collected 253 gold pieces.

Inventory:

Hand Weapons
 a - a +2 flail of protection
 b - a +0 hunting sling of freezing (weapon)
Missiles
 c - 104 stones (quivered ammo)
 h - 90 arrows
 t - 17 bolts
 w - 2 boomerangs
Armour
 q - a +1 robe (worn)
 u - +0 swamp dragon scales
Wands
 f - a wand of charming (5)
 v - a wand of mindburst (20)
Scrolls
 j - a scroll of enchant armour
 m - a scroll of blinking
 s - 2 scrolls of teleportation
Potions
 e - a potion of attraction
 g - 2 potions of cancellation
 n - a potion of brilliance
 o - a potion of might
 x - a potion of berserk rage


   Skills:
 * Level 5.5 Fighting
 - Level 2.1 Dodging
 - Level 1.5 Stealth
 * Level 5.0 Spellcasting


You couldn't memorise any spells.
You knew the following spells:

 Your Spells              Type           Power      Damage    Failure   Level
a - Foxfire               Conj/Fire      88%        2x1d8     1%          1
c - Conjure Flame         Conj/Fire      22%        6-21      4%          3
i - Inner Flame           Hex/Fire       22%        N/A       4%          3
k - Shock                 Conj/Air       88%        1d8       1%          1
r - Scorch                Fire           44%        2d7       2%          2
s - Static Discharge      Conj/Air       22%        N/A       2%          2
w - Flame Wave            Conj/Fire      22%        2d7       17%         4
W - Swiftness             Air            22%        N/A       4%          3
Your spell library was empty.

Dungeon Overview and Level Annotations

Branches:
Dungeon (5/15)             Temple (1/1) D:5

Altars:
Ashenzari
Elyvilon
Hepliaklqana
Kikubaaqudgha
Makhleb
Nemelex Xobeh
Okawaru
Qazlal
Ru
Vehumet
Yredelemnul
Zin

Annotations:
D:5 Edmund


Innate Abilities, Weirdness & Mutations

You are immune to sickness and miasma.
You are immune to poison.
Your flesh is very heat resistant. (rF++)
You are vulnerable to cold. (rC-)
You float through the air rather than walking.
You learn spells naturally, not from books.
Your magical power is your life essence.
You have superior vitality. (+4 MHP)


Message History

Confirm with . or Enter, or press ? or * to list all spells.
You conjure some foxfire!
Edmund hits you with a +1 flail of protection!
The foxfire hits Edmund.
Edmund is burned terribly!
Edmund is heavily wounded.
The foxfire hits Edmund but does no damage.
Edmund is heavily wounded.
Casting: Foxfire (safe; 1% risk of failure)
Confirm with . or Enter, or press ? or * to list all spells.
You conjure some foxfire!
Edmund hits you with a +1 flail of protection!
The foxfire hits Edmund but does no damage.
Edmund is heavily wounded.
The foxfire hits Edmund but does no damage.
Edmund is heavily wounded.
Casting: Foxfire (safe; 1% risk of failure)
Confirm with . or Enter, or press ? or * to list all spells.
You conjure some foxfire!
Edmund hits you with a +1 flail of protection!
* * * LOW HITPOINT WARNING * * *
The foxfire hits Edmund.
Edmund is burned terribly!
Edmund is severely wounded.
The foxfire hits Edmund.
Edmund is severely wounded.
Casting: Foxfire (safe; 1% risk of failure)
Confirm with . or Enter, or press ? or * to list all spells.
You conjure some foxfire!
* * * LOW HITPOINT WARNING * * *
Edmund hits you but does no damage.
The foxfire hits Edmund but does no damage.
Edmund is severely wounded.
The foxfire hits Edmund but does no damage.
Edmund is severely wounded.
Casting: Foxfire (safe; 1% risk of failure)
Confirm with . or Enter, or press ? or * to list all spells.
You conjure some foxfire!
* * * LOW HITPOINT WARNING * * *
Edmund clears his throat.
Edmund hits you with a +1 flail of protection!
You die...

#########
*****#####*#..<....# *
,,,,>......#....v..# *
,,,,,......'...@@..# *
,,,,,......#....v..# *
,,,,,.....,#......>#
*****
,,,,,....,,#.......#
*,,,,
****,##.,,,#.......######
*,,,,
*,**,*#***+######'#.....#
*,,,,
*,,,,,,,,,,,,,#...#.....#
*,,,,
*,,,,,,,,,,,,,#...#...).#
*,,,,
+,,,,,,,,,,,,,#...#.....#
*,,,,


You could see Edmund (combustible, ally target).

Vanquished Creatures
  An orc warrior (D:4)
  A necrophage (D:4)
  A phantom (D:5)
  A centaur zombie (D:5)
  2 hounds
  2 iguanas (D:4)
  Jessica (D:3)
  A bullfrog skeleton (D:4)
  2 orc wizards (D:4)
  4 gnolls
  3 adders
  A white imp (D:5)
  A worm (D:2)
  6 orcs
  2 bats
  3 endoplasms
  2 giant cockroaches (D:2)
  9 hobgoblins
  2 quokkas
  10 ball pythons
  4 frilled lizards
  4 goblins
  A kobold (D:1)
  6 rats
70 creatures vanquished.

Vanquished Creatures (collateral kills)
  A scorpion (D:5)
1 creature vanquished.

Vanquished Creatures (others)
  196 foxfires
196 creatures vanquished.

Grand Total: 267 creatures vanquished

Notes
Turn   | Place    | Note
-------+----------+-------------------------------------------
     0 | D:1      | porpoise the Djinni Fire Elementalist began the quest for
                  | the Orb.
     0 | D:1      | Reached XP level 1. HP: 15/15 MP: 0/0
   188 | D:1      | Reached skill level 1 in Fighting
   188 | D:1      | Reached XP level 2. HP: 16/22 MP: 0/0
   628 | D:1      | Reached XP level 3. HP: 24/27 MP: 0/0
   628 | D:1      | Learned a level 1 spell: Shock
  1112 | D:2      | You are sucked into a shaft and drop 2 floors!
  1171 | D:3      | Reached XP level 4. HP: 4/33 MP: 0/0
  2474 | D:3      | Found a basalt altar of Yredelemnul.
  2512 | D:3      | Found a faded altar of an unknown god.
  2539 | D:3      | Noticed Jessica
  2546 | D:3      | Killed Jessica
  2547 | D:3      | Reached XP level 5. HP: 36/40 MP: 0/0
  2547 | D:3      | Learned a level 2 spell: Static Discharge
  2631 | D:3      | Found a sacrificial altar of Ru.
  2654 | D:3      | Found a burning altar of Makhleb.
  3365 | D:4      | Reached XP level 6. HP: 42/46 MP: 0/0
  3399 | D:4      | Noticed a necrophage
  3411 | D:4      | Killed a necrophage
  3516 | D:4      | Noticed an orc warrior
  3519 | D:4      | Killed an orc warrior
  3520 | D:4      | Reached XP level 7. HP: 53/53 MP: 0/0
  3520 | D:4      | Learned a level 3 spell: Swiftness
  3875 | D:5      | Entered Level 5 of the Dungeon
  3932 | D:5      | Reached skill level 5 in Fighting
  4033 | D:5      | Found a staircase to the Ecumenical Temple.
  4042 | Temple   | Entered the Ecumenical Temple
  4196 | Temple   | Became a worshipper of Ashenzari the Shackled
  4473 | D:5      | Reached skill level 5 in Spellcasting
  4721 | D:5      | Noticed Edmund
  4732 | D:5      | Slain by Edmund

Illustrated notes

Levels and vault maps discovered:
D:1:      dpeg_arrival_simpleton_b, layout_loops_ring
D:2:      layout_basic
D:3:      minmay_wonky_spiral, layout_rooms, lemuel_coloured_pillars_altar,
          mainiacjoe_overflow_catwalk_spiral, ebering_ecumenical_altar_hall,
          uniq_jessica
D:4:      layout_basic, nicolae_kikubaaqudgha_miasma_corner
D:5:      layout_gridville, minmay_temple_entry_grid, uniq_edmund
Temple:   nicolae_temple_figure_eight

Skill      XL: |  1  2  3  4  5  6  7 |
---------------+----------------------+-----
Fighting       | 1 2 3 4 5 |  5.5
Spellcasting   | 3 4 5 |  5.0
Dodging        | |  2.1
Stealth        | |  1.5

Action                   |  1- 3 |  4- 6 |  7- 9 || total
-------------------------+-------+-------+-------++-------
 Fire: Hunting sling     |     4 |     1 |       ||     5
 Cast: Foxfire           |    27 |    63 |    26 ||   116
       Scorch            |     7 |     3 |    13 ||    23
       Shock             |       |     1 |       ||     1
       Static Discharge  |       |     1 |       ||     1
       Conjure Flame     |       |       |     1 ||     1
Evoke: Wand              |       |     5 |       ||     5
  Use: Scroll            |       |       |    16 ||    16
Armor: Robe              |       |     2 |     4 ||     6
Dodge: Dodged            |     3 |    10 |     4 ||    17
